 Dungeon Crawl Stone Soup version 0.28-a0-422-gd71735cc25 (webtiles) character file.

Game seed: 12266482405870947309

62 robertstho the Magician (level 4, -1/32 HPs)
             Began as a Djinni Fire Elementalist on Sept 8, 2021.
             Slain by a black bear (5 damage)
             ... on level 3 of the Dungeon.
             The game lasted 00:02:07 (2600 turns).

robertstho the Magician (Djinni Fire Elementalist)  Turns: 2600, Time: 00:02:08

Health: -1/32      AC:  2    Str:  7    XL:     4   Next: 28%
Gold:   128        EV: 12    Int: 18    God:
                   SH:  0    Dex: 13

rFire   + + .      SeeInvis .   d - +0 dagger
rCold   x . .      Faith    .   (no shield)
rNeg    . . .      Spirit   .   a - +0 robe
rPois   ∞          Reflect  .   (no helmet)
rElec   .          Harm     .   (no cloak)
rCorr   .          Rampage  .   (no gloves)
Will    .....                   (boots unavailable)
Stlth   ++........              (no amulet)
HPRegen 0.10/turn               (no ring)
MPRegen 0.00/turn               (no ring)

@: flying
A: sickness immunity, fire resistance 2, cold vulnerability 1, float, innate
caster, hp casting, extra vitality 1
a: no special abilities


You were on level 3 of the Dungeon.
You visited 1 branch of the dungeon, and saw 3 of its levels.

You collected 128 gold pieces.

Inventory:

Hand Weapons
 d - a +0 dagger (weapon)
Armour
 a - a +0 robe (worn)
Scrolls
 c - 4 scrolls of identify {unknown}
 e - a scroll of enchant armour {unknown}
 g - a scroll of immolation {unknown}
 h - a scroll of noise {unknown}
 k - a scroll of holy word {unknown}
 l - a scroll of fog {unknown}
Potions
 b - 2 potions of degeneration {unknown}
 f - a potion of curing {unknown}
 i - a potion of flight {unknown}
 j - 2 potions of attraction {unknown}


   Skills:
 * Level 1.3 Fighting
 + Level 2.4 Dodging
 + Level 1.6 Stealth
 * Level 3.4 Spellcasting


You couldn't memorise any spells.
You knew the following spells:

 Your Spells              Type           Power      Damage    Failure   Level
a - Foxfire               Conj/Fire      60%        2x1d7     3%          1
b - Scorch                Fire           30%        2d6       6%          2
c - Conjure Flame         Conj/Fire      15%        6-21      12%         3
d - Inner Flame           Hex/Fire       15%        N/A       12%         3
e - Flame Wave            Conj/Fire      15%        3d5       36%         4
f - Beastly Appendage     Tmut           30%        N/A       3%          1
Your spell library was empty.

Dungeon Overview and Level Annotations

Branches:
Dungeon (3/15)

Altars:

Annotations:
D:1 1 runed translucent door


Innate Abilities, Weirdness & Mutations

You are immune to sickness and miasma.
You are immune to poison.
Your flesh is very heat resistant. (rF++)
You are vulnerable to cold. (rC-)
You float through the air rather than walking.
You learn spells naturally, not from books.
Your magical power is your life essence.
You have superior vitality. (+4 HP)


Message History

The foxfire hits the ball python.
You kill the ball python!
The foxfire hits the black bear.
The black bear is lightly wounded.
Casting: Foxfire (safe; 3% risk of failure)
Press: ? - help, Q - select action, (/) - cycle Dir - look around, f - activate You conjure some foxfire!
Unknown command.
The foxfire hits the black bear.
The black bear is lightly wounded.
Casting: Foxfire (safe; 3% risk of failure)
Press: ? - help, Q - select action, (/) - cycle Dir - look around, f - activate You conjure some foxfire!
The black bear bites you but does no damage.
The black bear claws you. x2
Unknown command.
The foxfire hits the black bear but does no damage.
The black bear is lightly wounded.
The foxfire hits the black bear.
The black bear is lightly wounded.
The black bear closely misses you. The black bear barely misses you.
The black bear claws you.
Casting: Foxfire (safe; 3% risk of failure)
Confirm with . or Enter, or press ? or * to list all spells.
Flames lash the black bear.
The black bear is moderately wounded.
The black bear's fire resistance burns away.
The black bear bites you.
The black bear claws you but does no damage.
The black bear misses you.
Casting: Scorch (safe; 6% risk of failure)
Confirm with . or Enter, or press ? or * to list all spells.
Flames lash the black bear.
The black bear is burned terribly!
The black bear is severely wounded.
The black bear bites you.
* * * LOW HITPOINT WARNING * * *
The black bear claws you.
* * * LOW HITPOINT WARNING * * *
The black bear claws you.
You die...

.# #.. ...
#.#..# ...
#..#.# ..#
#..#.# ..#
#..#.# ?.
#..#.# !#
#†.#.##h###.#.
#.....@.!.....
##.#.##$....#.
#<#.# ####.#
#.#.. #.....
#######


You could see a black bear (inflammable).

Vanquished Creatures
  2 adders (D:2)
  A worm (D:2)
  A dart slug (D:1)
  8 bats
  4 endoplasms
  A giant cockroach (D:2)
  2 hobgoblins
  2 jackals (D:2)
  2 ball pythons (D:3)
  A frilled lizard (D:2)
  3 goblins (D:1)
  9 kobolds
  3 rats (D:2)
39 creatures vanquished.

Vanquished Creatures (others)
  178 foxfires
178 creatures vanquished.

Grand Total: 217 creatures vanquished

Notes
Turn   | Place    | Note
-------+----------+-------------------------------------------
     0 | D:1      | robertstho the Djinni Fire Elementalist began the quest for
                  | the Orb.
     0 | D:1      | Reached XP level 1. HP: 15/15 MP: 0/0
     1 | D:1      | Found a runed translucent door.
   325 | D:1      | Reached XP level 2. HP: 15/21 MP: 0/0
   978 | D:1      | Reached skill level 1 in Fighting
  1218 | D:2      | Reached XP level 3. HP: 24/27 MP: 0/0
  1218 | D:2      | Learned a level 1 spell: Beastly Appendage
  1568 | D:2      | Reached skill level 3 in Spellcasting
  1974 | D:2      | Reached XP level 4. HP: 27/32 MP: 0/0
  2592 | D:3      | Noticed a black bear
  2600 | D:3      | Slain by a black bear

Illustrated notes

Levels and vault maps discovered:
D:1:      dpeg_arrival_caged_fury, layout_basic, minmay_tree_intersection
D:2:      layout_loops_ring, minmay_misc_feat_room
D:3:      wander_river, layout_loops_ring, minivault_14

Skill      XL: |  1  2  3 |
---------------+----------+-----
Fighting       | 1 |  1.3
Spellcasting   | 3 |  3.4
Dodging        | |  2.4
Stealth        | |  1.6

Action                   |  1- 3 |  4- 6 || total
-------------------------+-------+-------++-------
Melee: Unarmed           |     1 |       ||     1
 Cast: Foxfire           |    84 |    34 ||   118
       Scorch            |       |     3 ||     3
Armor: Robe              |     4 |     2 ||     6
Dodge: Dodged            |     9 |     5 ||    14

Table legend: (Time is in decaauts)
 A = Elapsed time spent in this place.
 B = Non-inter-level travel time spent in this place.
 C = Inter-level travel time spent in this place.
 D = Time resting spent in this place.
 E = Time spent auto-exploring this place.
 F = Levels seen in this place.
 G = Mean time per level.
                   A        B        C        D        E       F      G
               +--------+--------+--------+--------+--------+-----+--------+
         Total |   2598 |   2568 |     30 |      0 |   2308 |   3 |  866.0 |
       Dungeon |   2598 |   2568 |     30 |      0 |   2308 |   3 |  866.0 |
               +--------+--------+--------+--------+--------+-----+--------+

Top non-repeatable levels by time:
     D:2: 1312 daAuts
     D:1: 1212 daAuts
     D:3: 73 daAuts
